 Dungeon Crawl Stone Soup version 0.31-a0-981-geadf994542 (webtiles) character file.

Game seed: 3631446189821682521

44 fernweh the Trooper (level 3, -5/29 HPs)
             Began as a Mummy Monk on Feb 2, 2023.
             Slain by a gnoll
             ... wielding a +0 club
              (7 damage)
             ... on level 2 of the Dungeon on Nov 2, 2023.
             The game lasted 00:05:50 (577 turns).

fernweh the Trooper (Mummy Monk)                     Turns: 577, Time: 00:05:51

Health: -5/29      AC:  2    Str: 16    XL:     3   Next: 41%
Magic:  3/3        EV: 13    Int:  9    God:
Gold:   36         SH:  0    Dex: 14    Spells: 2/2 levels left

rFire   x .          .
                       - Unarmed
rCold   + . .        (no shield)
rNeg    + + +        a - +0 robe
rPois   ∞            (no helmet)
rElec   .            (no cloak)
rCorr   .            (no gloves)
SInv    .            (no boots)
Will    .....        (no amulet)
Stlth   ++           (no ring)
HPRegen 0.24/turn    (no ring)
MPRegen 0.08/turn

%: faith
@: no status effects
A: cold resistance 1, negative energy resistance 3, torment resistance 2, heat
vulnerability 1, no potions, faith
a: no special abilities


You were on level 2 of the Dungeon.
You visited 1 branch of the dungeon, and saw 2 of its levels.

You collected 36 gold pieces.

Inventory:

Armour
 a - a +0 robe (worn)
Jewellery
 b - an amulet of the acrobat
Scrolls
 c - 3 scrolls of identify {unknown}
 d - a scroll of immolation {unknown}
 e - a scroll of brand weapon {unknown}
 f - a scroll of teleportation {unknown}
 g - 3 scrolls of poison {unknown}
 h - a scroll of blinking {unknown}


   Skills:
 + Level 3.5 Fighting
 + Level 2.9 Dodging
 - Level 1.7 Stealth
 + Level 2.8 Unarmed Combat


You had 2 spell levels left.
You didn't know any spells.
Your spell library contained the following spells:

 Spells                   Type           Power      Damage    Failure   Level
 Poisonous Vapours        Pois/Air       0%         N/A       52%         2
 Mephitic Cloud           Conj/Pois/Air  0%         N/A       77%         3
 Freezing Cloud           Conj/Ice/Air   0%         6-21      100%        5


Dungeon Overview and Level Annotations

Branches:
Dungeon (1/15)

Altars:
Wu Jian


Innate Abilities, Weirdness & Mutations

You are immune to poison.
Your flesh is cold resistant. (rC+)
You are immune to negative energy. (rN+++)
You are immune to unholy pain and torment.
You are vulnerable to heat. (rF-)
You do not drink.
You have a special connection with the divine. (Faith)


Message History

You hit the adder but do no damage. The adder closely misses you.
You hit the adder.
The adder is moderately wounded.
The adder bites you.
You hit the adder.
The adder is almost dead.
The adder completely misses you. The adder barely misses you.
You hit the adder.
You kill the adder!
The gnoll throws a throwing net.
The throwing net hits you.
You become entangled in the net!
You have reached level 3!
Your experience leads to an increase in your attributes!
Increase (S)trength, (I)ntelligence, or (D)exterity?
You feel stronger. x2
You tear a large gash into the net.
A gnoll comes into view. It is wielding a +0 club.
The gnoll hits you with a +0 whip!
* * * LOW HITPOINT WARNING * * *
Unknown command.
You struggle against the net.
The gnoll hits you with a +0 whip.
* * * LOW HITPOINT WARNING * * *
You shred the net and break free! The gnoll closely misses you.
You hit the gnoll.
The gnoll is heavily wounded.
The gnoll barely misses you.
You hit the gnoll.
The gnoll is severely wounded.
The gnoll closely misses you.
You hit the gnoll.
You kill the gnoll!
There are monsters nearby!
You hit the gnoll.
The gnoll is moderately wounded.
The gnoll hits you with a +0 club.
* * * LOW HITPOINT WARNING * * *
You barely miss the gnoll.
The gnoll is moderately wounded.
The gnoll hits you with a +0 club!
You die...

<. ## .## #. .. ####.##.
#......## #.......#
#.....gg# #######g#####
######@#...#### ####
#..............# #...
#.#............######..)
.......#.##......#.##...
#...#..#.......#.#.##...
#####..#.#.##..#.#......
###........#.####...
...###.###)# #...
#.........#)####...


You could see 3 gnolls.

Vanquished Creatures
  A gnoll (D:2)
  2 adders (D:2)
  A ball python (D:1)
  2 bats (D:2)
  An endoplasm (D:2)
  3 goblins
  A hobgoblin (D:2)
  A kobold (D:2)
  2 quokkas (D:2)
  2 rats (D:2)
16 creatures vanquished.

Notes
Turn   | Place    | Note
-------+----------+-------------------------------------------
     0 | D:1      | fernweh the Mummy Monk began the quest for the Orb.
     0 | D:1      | Reached XP level 1. HP: 18/18 MP: 1/1
     7 | D:1      | Upgraded the game from 0.30-a0-737-gf23d94013f to
                  | 0.31-a0-981-geadf994542
    67 | D:1      | You fall into a shaft and drop 1 floor!
   209 | D:2      | Reached XP level 2. HP: 15/24 MP: 2/2
   309 | D:2      | Found an ornate altar of the Wu Jian Council.
   570 | D:2      | Reached XP level 3. HP: 16/29 MP: 3/3
   577 | D:2      | Slain by a gnoll

Illustrated notes

Levels and vault maps discovered:
D:1:      onia_arrival_pyramid, layout_basic
D:2:      layout_basic, basic_altar, serial_shops, nicolae_shop_drivethru

Action                     || total
---------------------------++-------
  Melee: Unarmed           ||    65
         Punch             ||     1
   Stab: Sleeping          ||     4
         Distracted        ||     1
 Armour: Robe              ||    44
  Dodge: Dodged            ||    42

Table legend: (Time is in decaauts)
 A = Elapsed time spent in this place.
 B = Non-inter-level travel time spent in this place.
 C = Inter-level travel time spent in this place.
 D = Time resting spent in this place.
 E = Time spent auto-exploring this place.
 F = Levels seen in this place.
 G = Mean time per level.
                   A        B        C        D        E       F      G
               +--------+--------+--------+--------+--------+-----+--------+
         Total |    573 |    566 |      7 |    161 |    263 |   2 |  286.5 |
       Dungeon |    573 |    566 |      7 |    161 |    263 |   2 |  286.5 |
               +--------+--------+--------+--------+--------+-----+--------+

Top non-repeatable levels by time:
     D:2: 507 daAuts
     D:1: 66 daAuts
